AoeStats
← Efthiron

MegaRandom

506182441Analyzed
1v1 RM · 21d ago on Sep 12, 2026· 42m 36s· 2 players
Game mode
Random Map
Map size
Tiny (2 player)
Population
200
Speed
Normal
Resources
Standard
Victory
Conquest
Starting age
Dark Age
Ending age
Imperial Age
RankedLock teamsTeams togetherTeam positionsShared explorationLock speedFull tech treeHidden civsTurbo modeCheats
Victory
Defeat
🇩🇪 Mongols · Germany
1197
+18
🇲🇽 Mongols · Mexico
1233
-18
Efthiron
4:57 Loom
10:46 Feudal Age
12:26 Double-Bit Axe
17:42 Forging
20:06 Castle Age
19:59 Bloodlines
19:43 Gold Mining
22:41 Iron Casting
23:45 Town Watch
26:05 Medium Warships
28:51 Scale Barding Armor
30:02 Chain Barding Armor
31:02 Fletching
34:29 Wheelbarrow
33:56 Town Patrol
38:38 Imperial Age
37:12 Bodkin Arrow
37:53 Padded Archer Armor
39:19 Bracer
40:29 Elite Skirmisher
41:26 Leather Archer Armor
Esta
8:35 Loom
12:04 Feudal Age
19:15 Castle Age
17:09 Fletching
17:27 Stone Mining
17:35 Horse Collar
17:44 Double-Bit Axe
17:42 Horse Collar
19:06 Fishing Lines
19:54 Bodkin Arrow
22:46 Ballistics
24:47 Medium Warships
35:59 Bloodlines
39:12 Wheelbarrow
39:51 Padded Archer Armor
43:03 Imperial Age
41:06 Scale Barding Armor
Connection lost

Rejoining the realm…

Still unreachable

The connection could not be restored.

Session expired

The server has moved on; the page needs a fresh start.